Map: Ruins of Endion

Players

Miszu

  • Race: Terran Terran
  • League: Master

IIIIIIIIIIII - Winner!

  • Race: Terran Terran
  • League: Master

VOD

Have the link to the VOD?

Description

Time

  • Played on: July 1, 2016, 5:33 p.m.
  • Length: 15:19
Show
View Real Time Build Order
Export as new Build Order

Miszu Terran 

Build Orders: Bio Tank 

Get SALT Encoding   

  12  0:00  SCV  
  13  0:13  SCV  
  14  0:18  Supply Depot  
  14  0:25  SCV  
  15  0:39  SCV  
  15  0:42  Barracks  
  16  0:46  Refinery  
  16  0:51  SCV  
  17  1:03  SCV  
  18  1:09  Barracks  
  18  1:15  SCV  
  19  1:28  SCV  
  20  1:35  Reaper  
  21  1:40  Orbital Command  
  21  1:43  Supply Depot  
  21  1:58  Reaper  
  22  2:05  SCV  
  23  2:08  Reaper  
  24  2:16  Command Center  
  24  2:19  SCV  
  25  2:30  Refinery, Reaper  
  26  2:42  Reaper  
  26  2:43  SCV  
  28  2:55  SCV  
  29  3:03  Barracks  
  29  3:07  SCV  
  29  3:16  Barracks Reactor  
  30  3:20  SCV  
  30  3:21  Barracks Tech Lab  
  30  3:25  Factory  
  30  3:28  Orbital Command  
  30  3:32  SCV  
  31  3:34  Bunker  
  31  3:39  Marine  
  31  3:40  Stimpack  
  32  3:42  Engineering Bay  
  32  3:44  SCV  
  33  3:51  Marine  
  33  3:53  Marine x2  
  36  3:56  SCV  
  36  3:57  Marine  
  37  4:09  Marine  
  34  4:11  Marine  
  34  4:14  Marine x2  
  36  4:25  SCV  
  36  4:29  Marine, SCV  
  40  4:35  Marine  
  43  4:38  SCV  
  43  4:42  Starport  
  43  4:43  Factory Reactor  
  41  4:46  Orbital Command  
  41  4:47  Marine  
  42  4:54  SCV x2  
  42  4:58  Terran Infantry Weapons Level 1  
  44  5:06  SCV  
  45  5:07  Refinery  
  45  5:12  SCV  
  46  5:18  Supply Depot  
  46  5:39  Marine x4, Medivac x2  
  46  5:41  Supply Depot  
  54  5:44  Supply Depot  
  54  5:46  Factory Tech Lab  
  54  5:48  Combat Shields  
  54  6:02  Marine x4  
  54  6:03  SCV x2  
  60  6:10  Supply Depot  
  60  6:15  SCV x2  
  60  6:16  Siege Tank  
  65  6:18  Medivac  
  65  6:20  Marine x3  
  70  6:27  Supply Depot  
  70  6:32  Marine, SCV x2  
  73  6:34  Supply Depot  
  73  6:44  SCV  
  73  6:45  SCV  
  75  6:54  Marine x2  
  73  6:56  SCV  
  73  6:58  Siege Tank  
  73  6:59  SCV  
  73  7:00  Barracks Reactor  
  80  7:02  Medivac x2  
  80  7:06  Supply Depot  
  80  7:08  Supply Depot, SCV  
  84  7:11  SCV  
  86  7:17  Marine x3  
  86  7:20  SCV  
  90  7:33  Siege Tank  
  90  7:35  Marine x3  
  96  7:38  SCV x2  
  96  7:40  Terran Infantry Armor Level 1  
  98  7:44  Command Center  
  98  7:48  Supply Depot  
  98  7:50  SCV  
  100  7:51  SCV  
  100  7:53  Marine, Refinery  
  100  7:56  Marine  
  102  8:02  Marine, SCV  
  103  8:11  Marine x3, Command Center  
  106  8:14  Marine  
  106  8:15  Medivac x2  
  106  8:19  Supply Depot  
  111  8:20  Marine  
  111  8:24  Engineering Bay  
  112  8:30  Marauder  
  113  8:35  Siege Tank  
  116  8:44  Armory  
  114  8:50  Supply Depot  
  114  8:54  Marine x2  
  114  8:55  Marine x2  
  118  9:00  Barracks x2  
  118  9:02  Factory  
  118  9:09  Marine  
  119  9:12  Marine x2  
  119  9:16  Supply Depot  
  121  9:19  Supply Depot  
  121  9:21  Sensor Tower  
  121  9:22  Missile Turret  
  120  9:26  Orbital Command  
  105  9:46  Marine  
  105  9:47  Marine x4  
  105  9:48  Siege Tank  
  105  9:50  Barracks Reactor  
  105  9:52  Barracks Reactor  
  112  10:03  Marine  
  112  10:04  Marine  
  112  10:05  Marine x3  
  116  10:15  Terran Infantry Weapons Level 2  
  116  10:17  Terran Infantry Armor Level 2  
  116  10:19  Factory Tech Lab  
  116  10:21  Siege Tank  
  119  10:26  Marine, Marauder, Orbital Command  
  86  10:40  Marine x2, Reaper  
  86  10:41  Siege Tank  
  91  10:52  Orbital Command  
  91  10:53  Siege Tank  
  91  10:55  Marine  
  95  10:59  Missile Turret  
  95  11:00  Missile Turret  
  92  11:19  Missile Turret  
  92  11:22  Missile Turret  
  92  11:27  Missile Turret  
  92  11:33  Medivac x2, Siege Tank x2  
  102  11:45  Marauder  
  69  12:02  Marine  
  69  12:03  Marine x7  
  69  12:05  Marine  
  68  12:19  Medivac x2  
  68  12:20  Marine  
  68  12:21  Marine  
  70  12:32  Siege Tank  
  70  12:34  Marine  
  73  12:49  Marine  
  73  12:50  Siege Tank  
  73  12:51  Marine x2  
  78  12:52  Marine  
  80  13:07  Marine  
  80  13:08  Marine x5  
  77  13:32  Marine  
  77  13:33  Marine x8  
  86  13:50  Marine  
  86  13:51  Marine  
  88  13:55  Marine  
  88  13:56  Marine x6  
  95  14:08  Marine  
  95  14:09  Marine  
  97  14:13  Marine  
  98  14:17  Marine x4  
  62  14:47  Marine x2  
  62  14:48  Marine x6  
  70  14:56  Marine  
Show
View Real Time Build Order
Export as new Build Order

IIIIIIIIIIII Terran - Winner!

Build Orders: 1/1/1, Bio Tank 

Get SALT Encoding   

  12  0:01  SCV  
  13  0:13  SCV  
  14  0:18  Supply Depot  
  14  0:26  SCV  
  15  0:31  Refinery  
  15  0:40  SCV  
  16  0:47  Barracks  
  16  0:52  SCV  
  17  1:00  Refinery  
  17  1:05  SCV  
  18  1:17  SCV  
  19  1:29  SCV  
  20  1:35  Factory  
  20  1:39  Reaper  
  21  1:46  Orbital Command  
  21  1:56  Supply Depot  
  21  2:12  Reaper, SCV  
  23  2:20  Starport, Hellion  
  25  2:24  SCV  
  25  2:29  Supply Depot  
  26  2:36  SCV  
  27  2:44  Hellion  
  29  2:48  Reaper  
  29  2:49  SCV  
  31  2:54  Supply Depot  
  30  2:59  Medivac  
  30  3:01  SCV  
  33  3:06  Hellion  
  35  3:13  SCV  
  37  3:31  Command Center  
  37  3:32  Barracks Tech Lab, Factory Tech Lab  
  36  3:37  Viking  
  36  3:40  SCV  
  39  3:48  Supply Depot  
  39  3:53  SCV  
  40  4:04  Siege Tank  
  40  4:06  SCV  
  36  4:18  SCV  
  36  4:19  Marine  
  36  4:23  Viking  
  40  4:28  Stimpack  
  40  4:30  SCV  
  41  4:36  Marine  
  42  4:42  SCV  
  42  4:44  Orbital Command  
  43  4:50  Refinery  
  43  4:54  Marine  
  43  4:58  Siege Tank  
  47  5:07  Barracks  
  47  5:09  Barracks  
  47  5:10  SCV  
  47  5:11  SCV  
  49  5:17  Viking  
  51  5:23  SCV x2  
  53  5:29  Marine  
  53  5:30  Engineering Bay  
  53  5:34  Siege Tank  
  57  5:37  SCV x2  
  59  5:44  Supply Depot  
  59  5:49  Starport Reactor, SCV  
  61  5:50  SCV  
  61  5:52  Marine  
  61  5:55  Barracks Reactor x2  
  62  6:00  Barracks  
  62  6:05  Terran Infantry Weapons Level 1, Barracks  
  62  6:09  Refinery, SCV  
  63  6:11  SCV  
  63  6:14  Supply Depot  
  64  6:20  Marine  
  64  6:22  Siege Tank  
  64  6:24  SCV x2  
  70  6:33  Medivac  
  70  6:35  Marine x4  
  70  6:36  SCV  
  70  6:38  Marine, Medivac  
  80  6:43  Supply Depot  
  80  6:45  SCV  
  81  6:53  Barracks Reactor x2  
  77  7:00  Missile Turret  
  77  7:03  Missile Turret  
  77  7:04  Missile Turret  
  77  7:05  Marine x4  
  82  7:11  Siege Tank  
  82  7:14  Marine  
  85  7:18  Combat Shields  
  85  7:22  Supply Depot, Marine  
  85  7:23  Marine x2  
  85  7:24  Supply Depot  
  85  7:27  Marine  
  89  7:35  Marine x3  
  94  7:44  Marine, Medivac x2  
  98  7:47  Supply Depot  
  98  7:49  Marine  
  98  7:50  Siege Tank  
  101  7:52  Marine  
  101  7:55  Marine x2  
  101  7:57  Marine  
  105  7:58  Marine  
  106  8:10  Marine x3  
  106  8:11  Marine  
  110  8:12  Supply Depot  
  110  8:14  Terran Infantry Armor Level 1  
  110  8:19  Marine  
  114  8:31  Medivac x2  
  116  8:34  Siege Tank  
  116  8:36  Supply Depot  
  116  8:37  Supply Depot  
  118  8:43  Marine x3  
  118  8:46  Marine x2  
  122  8:55  Marine x2  
  121  9:06  Marine x4  
  127  9:11  Siege Tank  
  127  9:12  Supply Depot  
  127  9:14  Marine  
  131  9:18  Medivac  
  131  9:19  Medivac  
  131  9:20  Marine  
  134  9:27  Marine x2  
  134  9:28  Marine x2  
  135  9:41  SCV x2  
  132  9:49  Marine x3  
  135  9:53  SCV  
  136  10:00  Marine x2  
  136  10:03  Medivac x2  
  138  10:23  Marine x3  
  138  10:27  Marine  
  129  10:28  Marine x2  
  129  10:29  Marine  
  129  10:30  Marine x2  
  113  10:40  Medivac x2, Siege Tank  
  113  10:41  Marine x3  
  116  10:45  Marine  
  116  10:46  Marine x3  
  116  10:48  Marine x2  
  122  10:59  Supply Depot, Marine  
  122  11:01  Marine x2  
  122  11:12  Marine x3  
  122  11:13  Marine  
  122  11:14  Marine, Siege Tank  
  122  11:15  Marine  
  131  11:24  Marine x2  
  133  11:27  Marine  
  133  11:28  Medivac x2  
  138  11:35  Marine  
  138  11:36  Supply Depot, Marine x2  
  141  11:43  Marine x3  
  141  11:45  Marine x2  
  132  11:48  Marine  
  132  11:53  Marine x2  
  119  11:57  Marine  
  119  12:00  Marine x2  
  119  12:01  Marine  
  114  12:03  Marine  
  114  12:04  Marine  
  114  12:06  Marine  
  115  12:11  Marine  
  115  12:13  Marine  
  115  12:14  Marine  
  118  12:18  Marine  
  118  12:19  Marine x2  
  118  12:20  Marine  
  124  12:37  Marine x2  
  124  12:38  Siege Tank  
  127  12:50  Marine x4  
  131  12:51  Marine  
  132  13:10  Marine x3  
  132  13:11  Marine x2  
  137  13:23  Marine  
  138  13:29  Marine  
  138  13:30  Marine x3, Orbital Command  
  136  13:57  Factory, Engineering Bay  
  136  14:02  Armory  
  136  14:15  Marine x2  
  140  14:17  Siege Tank  
  130  14:24  Marine  
  130  14:29  Marine x5  
  110  14:33  Marine  
  110  14:34  Marine  
  102  14:46  Marine x2  
  102  14:47  Factory Tech Lab  
  107  14:54  Marine x4  
Tags
 
Composition
Bio TankBio Tank
Matchup
TvT
Opening
1/1/1
Player
Miszu
Race
Terran
Add a new tag
Caveats
  • Supply blocks, unpowered buildings, or Contaminate may cause inaccurate times.
  • Supply counts are checked every 10 seconds.